Map: 뉴 리퍼그넌시 - 래더

Players

Bunny - Winner!

  • Race: Terran Terran
  • League: Diamond
  • Spawn Location: 7:00

ShoWTimE

  • Race: Protoss Protoss
  • League: Grandmaster
  • Spawn Location: 1:00

Event: HomeStory Cup XIX

VOD

Have the link to the VOD?

Description

Time

  • Played on: June 28, 2019, 8:30 a.m.
  • Length: 11:56

All games in this series

Show
View Real Time Build Order
Export as new Build Order

Bunny Terran - Winner!

Build Orders: Gas First Reaper Expand 

Get SALT Encoding   

  12  0:00  SCV  
  13  0:12  SCV  
  14  0:17  Supply Depot  
  14  0:24  SCV  
  14  0:28  Refinery  
  15  0:38  SCV  
  16  0:44  Barracks  
  16  0:50  SCV  
  17  1:02  SCV  
  18  1:15  SCV  
  19  1:31  Orbital Command  
  19  1:32  Reaper  
  20  1:44  Command Center  
  20  1:53  Bunker  
  20  2:04  Factory  
  20  2:07  Marine  
  21  2:10  SCV  
  22  2:18  Supply Depot  
  22  2:22  SCV  
  23  2:26  Barracks Reactor  
  23  2:40  SCV  
  24  2:44  Refinery  
  24  2:48  Widow Mine  
  26  2:52  SCV  
  27  3:02  Marine x2  
  27  3:03  Orbital Command  
  27  3:04  SCV, Starport  
  30  3:11  Factory Tech Lab  
  30  3:16  SCV  
  31  3:20  Marine x2  
  33  3:28  SCV  
  33  3:30  SCV  
  33  3:32  Cyclone  
  38  3:39  Marine  
  38  3:40  Marine, SCV  
  41  3:42  SCV  
  41  3:47  Supply Depot  
  42  3:53  SCV  
  42  3:54  SCV, Medivac  
  46  4:03  Supply Depot  
  46  4:08  Marine x2  
  48  4:11  Siege Tank  
  48  4:14  Barracks  
  50  4:21  Bunker  
  50  4:23  SCV x2  
  52  4:26  Marine x2  
  52  4:28  Viking  
  56  4:36  SCV x2  
  58  4:42  Supply Depot  
  58  4:44  Marine x2  
  60  4:48  Supply Depot  
  60  4:59  Barracks  
  60  5:03  Siege Tank  
  60  5:07  Barracks Tech Lab  
  61  5:08  Marine x2  
  61  5:09  SCV x2  
  62  5:21  SCV x2  
  62  5:26  Stimpack  
  64  5:31  Starport Reactor  
  64  5:33  SCV x2  
  65  5:41  Marine x3  
  65  5:45  Refinery, Command Center  
  65  5:51  SCV x2  
  65  5:53  Refinery  
  67  6:00  Factory Reactor  
  67  6:01  Combat Shield, Engineering Bay  
  67  6:03  SCV x2  
  69  6:08  Medivac  
  71  6:14  Marine x3  
  71  6:15  SCV x2  
  71  6:17  Supply Depot  
  76  6:19  Medivac  
  77  6:33  Supply Depot  
  77  6:38  Marauder  
  77  6:39  Marauder, Widow Mine x2, Medivac  
  85  6:43  SCV  
  85  6:44  SCV  
  84  6:52  Marine  
  85  6:56  Medivac  
  85  7:00  Marauder x2  
  85  7:01  Refinery  
  90  7:03  Orbital Command  
  90  7:08  SCV x2  
  92  7:16  Marine  
  92  7:17  Marine  
  92  7:21  Marauder, Widow Mine x2  
  92  7:22  Marauder, Medivac  
  102  7:24  SCV x2  
  102  7:29  Orbital Command  
  103  7:31  Medivac  
  103  7:33  Concussive Shells  
  103  7:38  SCV  
  103  7:40  Barracks x2  
  103  7:42  SCV  
  107  7:51  Marauder x2  
  107  7:53  Marine  
  107  7:54  Marine  
  107  7:57  Widow Mine x2  
  109  8:01  SCV x3  
  109  8:12  Marine  
  109  8:14  Marine  
  109  8:16  SCV x2  
  109  8:17  SCV  
  109  8:19  Marauder  
  108  8:22  Supply Depot x3  
  108  8:23  Supply Depot  
  108  8:24  Marauder  
  110  8:32  Barracks Tech Lab, Barracks Reactor  
  110  8:33  Marine x2  
  109  8:34  SCV x3  
  109  8:39  Widow Mine x2  
  109  8:41  Marauder  
  110  8:45  Marauder  
  110  8:46  SCV x3  
  113  8:52  Marine x2  
  113  8:54  Marauder  
  110  8:57  Liberator  
  110  8:58  Liberator  
  110  9:01  SCV x2  
  110  9:02  Marauder, SCV  
  113  9:03  Widow Mine x2  
  113  9:06  Marauder, Terran Infantry Weapons Level 1  
  113  9:09  Engineering Bay  
  117  9:10  Marine x4  
  127  9:18  Marauder  
  127  9:21  Refinery  
  127  9:23  Marauder  
  131  9:27  Marine x2  
  131  9:28  Marine x2  
  131  9:30  Sensor Tower  
  135  9:34  Missile Turret  
  135  9:36  Widow Mine x2  
  139  9:43  Missile Turret, Terran Infantry Armor Level 1  
  139  9:45  Marauder  
  141  9:47  Refinery, Missile Turret  
  141  9:49  Marine, Marauder x2  
  141  9:50  Marine  
  141  9:51  Marine x2  
  149  9:53  Liberator x2  
  149  9:59  Supply Depot  
  155  10:14  Command Center  
  155  10:15  Starport  
  155  10:18  Fusion Core  
  155  10:20  Marauder  
  157  10:25  Marauder  
  157  10:27  Marine x2  
  157  10:28  Marine x2  
  155  10:29  Marauder  
  157  10:36  Liberator  
  157  10:37  Armory  
  157  10:39  Widow Mine  
  157  10:40  Widow Mine  
  161  10:46  Liberator  
  161  10:56  Fusion Core  
  164  10:57  Supply Depot  
  164  11:00  Supply Depot  
  164  11:02  Supply Depot x2  
  167  11:05  Marauder  
  167  11:06  Marauder x2  
  173  11:18  Marine x4  
  167  11:30  Starport Tech Lab  
  137  11:33  Marauder x3  
  137  11:36  Marine x4  
Show
View Real Time Build Order
Export as new Build Order

ShoWTimE Protoss 

Build Orders: Blink Stalkers 

Get SALT Encoding   

  12  0:00  Probe  
  13  0:12  Probe  
  14  0:17  Pylon  
  14  0:24  Probe  
  15  0:32  Probe  
  15  0:36  Gateway  
  15  0:40  Probe  
  16  0:46  Assimilator  
  17  0:51  Probe  
  17  0:55  Assimilator  
  18  1:03  Probe  
  19  1:13  Pylon  
  19  1:15  Probe  
  20  1:23  Cybernetics Core  
  20  1:27  Probe  
  23  1:39  Probe  
  24  1:49  Adept  
  24  1:51  Probe  
  25  2:00  Warp Gate  
  25  2:03  Probe  
  25  2:04  Twilight Council  
  26  2:20  Nexus  
  26  2:28  Stalker  
  28  2:30  Blink  
  28  2:51  Gateway  
  28  2:58  Robotics Facility  
  28  3:08  Gateway  
  28  3:11  Probe  
  28  3:23  Probe  
  29  3:28  Probe  
  30  3:35  Probe  
  30  3:36  Probe  
  32  3:41  Observer  
  32  3:46  Probe  
  32  3:47  Probe  
  34  3:52  Stalker x2  
  39  3:58  Probe  
  39  4:02  Stalker, Observer  
  42  4:03  Probe  
  42  4:09  Pylon  
  43  4:12  Probe  
  44  4:27  Stalker x2  
  44  4:28  Stalker  
  44  4:30  Probe  
  51  4:32  Probe  
  51  4:36  Pylon  
  52  4:43  Probe  
  52  4:44  Probe  
  54  4:55  Probe  
  54  4:57  Probe  
  56  5:01  Stalker x3  
  60  5:07  Probe  
  60  5:08  Pylon  
  60  5:09  Probe  
  62  5:19  Probe  
  62  5:21  Probe  
  62  5:26  Stalker  
  62  5:27  Assimilator  
  64  5:31  Probe  
  64  5:33  Probe  
  60  5:43  Probe  
  60  5:45  Observer, Probe  
  60  5:47  Pylon  
  63  5:53  Pylon, Nexus  
  63  5:56  Probe  
  63  5:57  Probe  
  63  5:58  Charge  
  63  5:59  Sentry  
  66  6:06  Probe  
  66  6:07  Probe  
  66  6:08  Observer  
  69  6:13  Forge  
  69  6:14  Forge, Probe  
  69  6:15  Probe  
  69  6:19  Observer  
  69  6:23  Probe, Sentry  
  69  6:24  Probe  
  75  6:34  Probe  
  75  6:36  Probe  
  75  6:46  Probe, Protoss Ground Armor Level 1  
  76  6:47  Gateway  
  76  6:48  Gateway  
  76  6:50  Gateway  
  76  6:51  Zealot, Gateway  
  76  6:53  Protoss Ground Weapons Level 1  
  78  6:54  Gateway  
  76  7:02  Zealot x2  
  76  7:08  Pylon  
  80  7:11  Probe x2  
  80  7:12  Stalker  
  82  7:23  Stalker x2  
  82  7:26  Probe  
  82  7:27  Immortal  
  85  7:34  Probe  
  86  7:41  Probe x2  
  92  7:46  Probe  
  92  7:47  Zealot x3  
  99  7:55  Zealot x3  
  95  7:59  Immortal  
  95  8:00  Zealot  
  93  8:07  Zealot x2  
  93  8:11  Probe x2  
  96  8:12  Stalker  
  96  8:18  Zealot x2  
  97  8:26  Stalker x2  
  97  8:32  Sentry x2  
  97  8:33  Zealot  
  84  8:51  Protoss Ground Armor Level 2, Zealot x5  
  84  8:56  Stalker x3  
  84  8:58  Probe  
  87  9:03  Nexus  
  87  9:10  Pylon  
  87  9:13  Zealot x3  
  93  9:17  Protoss Ground Weapons Level 2  
  93  9:22  Zealot x3  
  99  9:26  Probe x3  
  99  9:29  Observer  
  102  9:36  Zealot x3  
  108  9:42  Pylon  
  108  9:43  Sentry  
  108  9:44  Zealot  
  108  9:45  Pylon  
  112  9:52  Zealot  
  112  9:53  Zealot  
  112  9:58  Stalker  
  117  10:02  Stalker x2  
  117  10:03  Pylon  
  121  10:07  Immortal  
  121  10:13  Pylon  
  124  10:21  Zealot x3  
  124  10:33  Zealot x5  
  134  10:40  Photon Cannon  
  134  10:41  Observer  
  134  10:45  Probe x3, Gateway  
  134  10:46  Probe  
  134  10:48  Pylon  
  137  10:52  Zealot x3  
  137  10:55  Sentry x2  
  147  10:58  Probe x3  
  147  10:59  Zealot x2  
  154  11:05  Zealot  
  154  11:08  Pylon  
  156  11:15  Zealot x3  
  156  11:22  Stalker x3  
  156  11:23  Stalker  
  136  11:32  Zealot  
  106  11:37  Zealot x3  
  94  11:45  Zealot x2  
  94  11:46  Zealot x2  
Tags
 
Add a new tag
Caveats
  • Supply blocks, unpowered buildings, or Contaminate may cause inaccurate times.
  • Supply counts are checked every 10 seconds.